 Dungeon Crawl Stone Soup version 0.29-a0-653-gd47aff6735 (webtiles) character file.

Game seed: 4950913204982502183

10 ptdevnull the Slasher (level 2, 0/22 HPs)
             Began as a Merfolk Gladiator on June 21, 2022.
             Slain by a hobgoblin (3 damage)
             ... on level 1 of the Dungeon.
             The game lasted 00:00:39 (271 turns).

ptdevnull the Slasher (Merfolk Gladiator)            Turns: 271, Time: 00:00:40

Health: 0/22       AC:  4    Str: 14    XL:     2   Next: 20%
Magic:  2/2        EV: 13    Int:  7    God:
Gold:   39         SH:  0    Dex: 15    Spells: 1/1 levels left

rFire   . . .      SeeInvis .   a - +0 long sword
rCold   . . .      Faith    .   (no shield)
rNeg    . . .      Spirit   .   b - +0 leather armour
rPois   .          Reflect  .   c - +0 helmet
rElec   .          Harm     .   (no cloak)
rCorr   .          Rampage  .   (no gloves)
Will    .....                   (no boots)
Stlth   +.........              (no amulet)
HPRegen 0.07/turn               (no ring)
MPRegen 0.08/turn               (no ring)

@: lethally poisoned (0 -> -5)
A: (nimble swimmer 2), mertail
a: no special abilities


You were on level 1 of the Dungeon.
You visited 1 branch of the dungeon, and saw 1 of its levels.

You collected 39 gold pieces.

Inventory:

Hand Weapons
 a - a +0 long sword (weapon)
Missiles
 d - 3 throwing nets (quivered)
 e - a javelin
Armour
 b - a +0 leather armour (worn)
 c - a +0 helmet (worn)
Scrolls
 f - a scroll of teleportation {unknown}
 h - 2 scrolls of identify {unknown}
Potions
 g - a potion of curing {unknown}


   Skills:
 - Level 2.2 Fighting
 + Level 4.3 Long Blades
 - Level 2.0 Throwing
 - Level 4.0 Dodging


You had one spell level left.
You didn't know any spells.
Your spell library was empty.

Dungeon Overview and Level Annotations

Branches:
Dungeon (1/15)

Altars:


Innate Abilities, Weirdness & Mutations

((You are very nimble when in or above water. (Stealth+, EV+, Speed+++)))
Your lower body shifts to a powerful aquatic tail in water.


Message History

Found a club.
A rat comes into view.
A rat is nearby!
A kobold comes into view. It is wielding a +2 dagger of venom.
The rat bites you.
You see here a +0 club.
You slash the rat!
You kill the rat!
The kobold shouts!
Found a scroll labelled WIDOKL SIRUS.
A kobold comes into view. It is wielding a +0 dagger.
You see here a rat corpse.
The kobold shouts!
You hear a shout!
A hobgoblin comes into view.
The hobgoblin shouts!
The kobold hits you with a +2 dagger of venom.
You hit the kobold but do no damage. The kobold closely misses you.
You slash the kobold!
You kill the kobold!
A goblin comes into view. It is wielding a +0 club.
The kobold barely misses you. The kobold hits you but does no damage.
You are poisoned.
You closely miss the kobold.
You feel sick.
The goblin shouts!
The kobold hits you but does no damage.
You are more poisoned.
You slash the kobold!
You kill the kobold!
You feel very sick.
You completely miss the hobgoblin.
You feel very sick. The hobgoblin closely misses you.
You closely miss the hobgoblin.
You feel sick. The hobgoblin hits you.
* * * LOW HITPOINT WARNING * * *
You closely miss the hobgoblin.
* * * LOW HITPOINT WARNING * * *
You feel sick.
A rat comes into view.
The hobgoblin closely misses you. The hobgoblin hits you.
You die...

##### .....#
......#######
......g.....###########
..?...g@.†)............
r....########...########
... ###....>.... .
##........ #........
#######..)####
........### .#####...# #
###.#####


You could see a hobgoblin, a goblin and a rat (wandering).

Vanquished Creatures
  A bat (D:1)
  A goblin (D:1)
  A quokka (D:1)
  2 ball pythons (D:1)
  4 kobolds (D:1)
  A rat (D:1)
10 creatures vanquished.

Notes
Turn   | Place    | Note
-------+----------+-------------------------------------------
     0 | D:1      | ptdevnull the Merfolk Gladiator began the quest for the
                  | Orb.
     0 | D:1      | Reached XP level 1. HP: 16/16 MP: 1/1
   221 | D:1      | Reached XP level 2. HP: 20/22 MP: 2/2
   271 | D:1      | Slain by a hobgoblin

Illustrated notes

Levels and vault maps discovered:
D:1:      ncdulo_watergridlock, layout_rooms

Skill      XL: |  1 |
---------------+----+-----
Long Blades    | 4 |  4.3
Fighting       | |  2.2
Throwing       | |  2.0
Dodging        | |  4.0

Action                   || total
-------------------------++-------
Melee: Long sword        ||    27
Armor: Leather armour    ||    10
Dodge: Dodged            ||    23

Table legend: (Time is in decaauts)
 A = Elapsed time spent in this place.
 B = Non-inter-level travel time spent in this place.
 C = Inter-level travel time spent in this place.
 D = Time resting spent in this place.
 E = Time spent auto-exploring this place.
 F = Levels seen in this place.
 G = Mean time per level.
                   A        B        C        D        E       F      G
               +--------+--------+--------+--------+--------+-----+--------+
         Total |    275 |    275 |      0 |      0 |    198 |   1 |  275.0 |
       Dungeon |    275 |    275 |      0 |      0 |    198 |   1 |  275.0 |
               +--------+--------+--------+--------+--------+-----+--------+

Top non-repeatable levels by time:
     D:1: 275 daAuts
